 Dungeon Crawl Stone Soup version 0.27.1-2-g3b301248ec (webtiles) character file.

Game seed: 18037810802086306282

586389 safid the Messiah (level 27, -9/266 HPs)
             Began as a Hill Orc Fighter on Sept 28, 2021.
             Was the Champion of Beogh.
             Mangled by a red draconian (36 damage)
             ... on level 4 of the Realm of Zot on Oct 1, 2021.
             The game lasted 05:31:40 (75964 turns).

safid the Messiah (Hill Orc Fighter)               Turns: 75964, Time: 05:31:42

Health: -9/266     AC: 33    Str: 30    XL:     27
Magic:  7/40       EV: 16    Int: 16    God:    Beogh [******]
Gold:   1010       SH: 32    Dex: 17    Spells: 26/26 levels left

rFire    + . .     SeeInvis +   g - +14 obsidian axe {vorpal, Drain Fly SInv}
rCold    + + .     Faith    .   m - +0 tower shield "Fycycvudu" {rPois Str+4 Stlth+}
rNeg     + . .     Spirit   .   T - +12 chain mail of Rotation {rPois rC- rCorr Int+6}
rPois    +         Reflect  +   o - +2 helmet
rElec    +         Harm     .   a - +0 cloak of Vusig {+Blink rC+ Str-4 Dex+2}
rCorr    +         Rampage  .   N - +2 pair of gloves {Dex+3}
Will     +....                  E - +2 pair of boots
Stlth    ..........             b - amulet "Gall" {Reflect rC+ SH+5}
HPRegen  0.54/turn              l - ring "Hereo" {+Blink rElec rC+}
MPRegen  0.27/turn              H - ring of Ru's Whim {rF+ rN+ Will- Dex+2}

@: corroded, flying, mesmerised, slowed, studying 2 skills, very slow
A: walk on water, clever 1, sense surroundings 1, poison resistance, weak 1,
subdued magic 1
}: 3/15 runes: decaying, serpentine, slimy
a: Renounce Religion, Evoke Blink, Smiting, Recall Orcish Followers, Give Item
to Named Follower, Resurrection


You were on level 4 of the Realm of Zot.
You worshipped Beogh.
Beogh was exalted by your worship.
You visited 11 branches of the dungeon, and saw 51 of its levels.
You visited the Abyss 3 times.
You visited 1 bazaar.
You also visited: Sewer and Desolation.

You collected 7963 gold pieces.
You spent 6953 gold pieces at shops.

Inventory:

Hand Weapons
 g - the +14 obsidian axe (weapon) {vorpal, Drain Fly SInv}
   (You bought it in a shop on level 1 of the Elven Halls)

   It inflicts extra damage upon your enemies.
   It occasionally summons demons to assist the wielder when it strikes in
   combat.
   Its wielder is mesmerised by any visible foes.
   It cannot be unequipped while any foes are visible.
   SInv:      It lets you see invisible.
   Fly:       It grants you flight.
   Drain:     It drains your maximum health when unequipped.
Missiles
 n - 145 poisoned darts (quivered)
 p - 2 silver javelins
 U - 3 throwing nets
Armour
 a - the +0 cloak of Vusig (worn) {+Blink rC+ Str-4 Dex+2}
   (You found it on level 4 of the Depths)

   Str:       It affects your strength (-4).
   Dex:       It affects your dexterity (+2).
   rC:        It protects you from cold.
   +Blink:    It lets you blink.
 i - a +7 crystal plate armour
 m - the +0 tower shield "Fycycvudu" (worn) {rPois Str+4 Stlth+}
   (You acquired it on level 2 of the Elven Halls)

   Str:       It affects your strength (+4).
   rPois:     It protects you from poison.
   Stlth:     It makes you more stealthy.
 o - a +2 helmet (worn)
 E - a +2 pair of boots (worn)
 N - a +2 pair of gloves of dexterity (worn)
 T - the +12 chain mail of Rotation (worn) {rPois rC- rCorr Int+6}
   (You found it on level 4 of the Swamp)

   Int:       It affects your intelligence (+6).
   rC:        It makes you vulnerable to cold.
   rPois:     It protects you from poison.
   rCorr:     It protects you from acid and corrosion.
Jewellery
 b - the amulet "Gall" (around neck) {Reflect rC+ SH+5}
   (You acquired it on level 7 of the Dungeon)

   [amulet of reflection]

   It reflects blocked missile attacks.
   rC:        It protects you from cold.
   SH:        It affects your SH (+5).
 h - the ring of Joy {Will+ EV+4 Str+2 Int-5 SInv}
   (You bought it in a shop on level 2 of the Orcish Mines)

   [ring of evasion]

   EV:        It affects your evasion (+4).
   Str:       It affects your strength (+2).
   Int:       It affects your intelligence (-5).
   SInv:      It lets you see invisible.
   Will:      It increases your willpower.
 l - the ring "Hereo" (left hand) {+Blink rElec rC+}
   (You found it in the Desolation of Salt)

   [ring of protection from cold]

   rC:        It protects you from cold.
   rElec:     It insulates you from electricity.
   +Blink:    It lets you blink.
 H - the ring of Ru's Whim (right hand) {rF+ rN+ Will- Dex+2}
   (You found it on level 2 of the Lair of Beasts)

   [ring of positive energy]

   Dex:       It affects your dexterity (+2).
   rF:        It protects you from fire.
   rN:        It protects you from negative energy.
   Will:      It decreases your willpower.
 M - the amulet of Medahun {rF++ Will+ Regen+}
   (You found it on level 6 of the Lair of Beasts)

   [amulet of regeneration]

   rF:        It greatly protects you from fire.
   Regen:     It increases your rate of health regeneration.
   Will:      It increases your willpower.
Wands
 j - a wand of flame (172)
 r - a wand of acid (25)
 t - a wand of iceblast (52)
 u - a wand of charming (17)
 w - a wand of polymorph (40)
 y - a wand of digging (26)
 A - a wand of paralysis (34)
 O - a wand of mindburst (37)
Scrolls
 k - 8 scrolls of blinking
 q - a scroll of identify
 s - 17 scrolls of teleportation
 C - 11 scrolls of fog
 G - 4 scrolls of magic mapping
 I - 2 scrolls of silence
 V - 3 scrolls of holy word
 Y - 2 scrolls of fear
 Z - 3 scrolls of summoning
Potions
 c - 5 potions of magic
 e - 9 potions of resistance
 v - 14 potions of curing
 x - 4 potions of mutation
 z - 6 potions of invisibility
 B - 7 potions of cancellation
 D - a potion of brilliance
 J - 5 potions of might
 P - a potion of heal wounds
 Q - 5 potions of haste
Miscellaneous
 d - a phial of floods
 f - a phantom mirror
 K - a piece from Xom's chessboard (15/15)
 S - a lightning rod (4/4)


   Skills:
 * Level 25.1 Fighting
 - Level 18.0(19.0) Axes
 - Level 10.2(14.0) Polearms
 - Level 14.0 Armour
 - Level 13.0 Dodging
 - Level 25.0 Shields
 O Level 27 Invocations
 - Level 10.0 Evocations


You had 26 spell levels left.
You didn't know any spells.
Your spell library contained the following spells:

 Spells                   Type           Power      Damage    Failure   Level
 Apportation              Tloc           0%         N/A       58%         1
 Corona                   Hex            0%         N/A       58%         1
 Foxfire                  Conj/Fire      0%         2x1d4     58%         1
 Freeze                   Ice            0%         1d3       58%         1
 Magic Dart               Conj           0%         1d3       58%         1
 Pain                     Necr           0%         1d4       58%         1
 Sandblast                Erth           0%         2d4       58%         1
 Summon Small Mammal      Summ           0%         N/A       58%         1
 Blink                    Tloc           N/A        N/A       73%         2
 Call Imp                 Summ           0%         N/A       73%         2
 Corpse Rot               Necr/Air       N/A        N/A       73%         2
 Ensorcelled Hibernation  Hex/Ice        0%         N/A       73%         2
 Searing Ray              Conj           0%         3d3       73%         2
 Call Canine Familiar     Summ           0%         N/A       92%         3
 Conjure Flame            Conj/Fire      0%         6-21      92%         3
 Dazzling Flash           Conj/Hex       0%         N/A       92%         3
 Frozen Ramparts          Ice            0%         1d2       92%         3
 Gell's Gravitas          Tloc           0%         N/A       92%         3
 Ignite Poison            Fire/Tmut/Pois 0%         N/A       92%         3
 Inner Flame              Hex/Fire       0%         N/A       92%         3
 Lesser Beckoning         Tloc           0%         N/A       92%         3
 Mephitic Cloud           Conj/Pois/Air  0%         N/A       92%         3
 Ozocubu's Armour         Ice            0%         N/A       92%         3
 Portal Projectile        Hex/Tloc       0%         N/A       92%         3
 Stone Arrow              Conj/Erth      0%         3d7       92%         3
 Summon Guardian Golem    Hex/Summ       0%         N/A       92%         3
 Teleport Other           Tloc           0%         N/A       92%         3
 Tukima's Dance           Hex            0%         N/A       92%         3
 Vampiric Draining        Necr           0%         2d6       92%         3
 Airstrike                Air            0%         N/A       100%        4
 Animate Dead             Necr           0%         N/A       100%        4
 Dispel Undead            Necr           0%         3d6       100%        4
 Hailstorm                Conj/Ice       0%         3d3       100%        4
 Ice Form                 Ice/Tmut       0%         N/A       100%        4
 Iskenderun's Mystic Bla  Conj/Tloc      0%         2d3       100%        4
 Leda's Liquefaction      Hex/Erth       0%         N/A       100%        4
 Passage of Golubria      Tloc           N/A        N/A       100%        4
 Petrify                  Tmut/Erth      0%         N/A       100%        4
 Summon Ice Beast         Ice/Summ       0%         N/A       100%        4
 Summon Lightning Spire   Summ/Air       0%         N/A       100%        4
 Agony                    Necr           0%         N/A       100%        5
 Alistair's Intoxication  Tmut/Pois      0%         N/A       100%        5
 Bolt of Magma            Conj/Fire/Erth 0%         4d4       100%        5
 Borgnjor's Vile Clutch   Necr/Erth      0%         N/A       100%        5
 Excruciating Wounds      Necr           0%         N/A       100%        5
 Fireball                 Conj/Fire      0%         3d3       100%        5
 Irradiate                Conj/Tmut      0%         3d13      100%        5
 Iskenderun's Battlesphe  Conj           0%         2d6       100%        5
 Lightning Bolt           Conj/Air       0%         1d11      100%        5
 Manifold Assault         Tloc           0%         N/A       100%        5
 Metabolic Englaciation   Hex/Ice        0%         N/A       100%        5
 Silence                  Hex/Air        0%         N/A       100%        5
 Summon Forest            Summ/Tloc      0%         N/A       100%        5
 Summon Mana Viper        Hex/Summ       0%         N/A       100%        5
 Yara's Violent Unravell  Hex/Tmut       0%         3d3       100%        5
 Conjure Ball Lightning   Conj/Air       0%         3x3d6     100%        6
 Death Channel            Necr           0%         N/A       100%        6
 Eringya's Noxious Bog    Tmut/Pois      0%         N/A       100%        6
 Invisibility             Hex            0%         N/A       100%        6
 Shadow Creatures         Summ           N/A        N/A       100%        6
 Simulacrum               Ice/Necr       0%         N/A       100%        6
 Starburst                Conj/Fire      0%         6d3       100%        6
 Statue Form              Tmut/Erth      0%         N/A       100%        6
 Orb of Destruction       Conj           0%         N/A       100%        7
 Spellforged Servitor     Conj/Summ      0%         N/A       100%        7
 Storm Form               Tmut/Air       0%         N/A       100%        7
 Summon Hydra             Summ           0%         N/A       100%        7
 Borgnjor's Revivificati  Necr           0%         N/A       100%        8
 Lehudib's Crystal Spear  Conj/Erth      0%         10d2      100%        8
 Maxwell's Capacitive Co  Air            0%         ∞         100%        8
 Necromutation            Tmut/Necr      0%         N/A       100%        8
 Death's Door             Necr           0%         N/A       100%        9
 Shatter                  Erth           0%         3d5*      100%        9


Dungeon Overview and Level Annotations

Branches:
Dungeon (15/15)            Temple (1/1) D:4            Lair (6/6) D:10
  Swamp (4/4) Lair:3        Snake (4/4) Lair:4        Slime (5/5) Lair:6
    Orc (2/2) D:10            Elf (3/3) Orc:2        Vaults (2/5) D:14
 Depths (5/5) D:15            Zot (4/5) Depths:5      Sewer (visited)
Desolation (visited)
  Crypt: Vaults:2-3

Altars:
Ashenzari
Cheibriados
Dithmenos
Elyvilon
Fedhas
Gozag
Hepliaklqana
Kikubaaqudgha
Makhleb
Nemelex Xobeh
Okawaru
Qazlal
Ru
Sif Muna
Trog
Uskayaw
Vehumet
Wu Jian
Xom
Yredelemnul
Zin
The Shining One
Jiyva

Shops:
D:2 =   D:5 :   D:11 !   Orc:1 [   Orc:2 [*(=   Elf:1 (:![(   Elf:2 ?
Snake:1 [*   Snake:3 =   Vaults:1 ?   Depths:2 *

Portals:
Hell: Depths:1 Depths:2 Depths:3 Depths:4 Depths:5
Abyss: Depths:4 Depths:5
Pandemonium: Depths:1 Depths:3
Ziggurat: Depths:5
Trove: D:11 (give 5 potions of resistance)

Annotations:
D:4 2 transporters
D:6 3 runed translucent doors, IBeShadow's ghost, novice DrFE; jimbles's ghost, weakling SpDe
D:8 exclusion: ice statue
D:10 exclusion: orange crystal statue
D:11 exclusion: 2 statues
Snake:2 1 runed translucent door, aster's ghost, adept HOFi
Depths:2 Nergalle
Depths:4 3 runed translucent doors


Innate Abilities, Weirdness & Mutations

You can walk on water.
Your mind is acute. (Int +2)
You passively map a small area around you.
Your system is resistant to poisons. (rPois)
You are weak. (Str -2)
Your spells are a little easier to cast, but a little less powerful.


Message History

* * * LOW HITPOINT WARNING * * *
You block the white draconian's attack.
Okay, then.
As you read the scroll of fear, it crumbles to dust.
You assume a fearsome visage.
The yellow draconian monk is unaffected.
The red draconian is unaffected. x2; The green draconian is unaffected.
The purple draconian shifter resists with some effort.
The white draconian is unaffected.
The green draconian is unaffected.
The yellow draconian scorcher looks frightened!
Visions of slaying the yellow draconian monk flood into your mind.
Hilgar blocks the red draconian's attack.
The red draconian hits you but does no damage.
The green draconian hits you but does no damage.
The green draconian tail-slaps you!
* * * LOW HITPOINT WARNING * * *
You block the yellow draconian monk's attack. x2
The yellow draconian monk tail-slaps you!
* * * LOW HITPOINT WARNING * * *
You block the red draconian's attack.
The green draconian hits Orkrul with a +0 battleaxe!
The green draconian barely misses Orkwin.
The green draconian hits you but does no damage.
The green draconian hits Hilgar with a +0 battleaxe!
The green draconian tail-slaps Orkrul!
The white draconian hits you but does no damage.
Hilgar hits the red draconian with the +6 trident of Gesheqog {speed, rElec rF+ Will+ Dex+4}!!!
A yellow draconian comes into view. It is wielding a +2 halberd of flaming.
Hilgar blocks the red draconian's attack.
The red draconian completely misses you.
The green draconian hits you but does no damage.
The green draconian tail-slaps you.
* * * LOW HITPOINT WARNING * * *
You block the yellow draconian monk's attack.
The yellow draconian monk kicks you!
* * * LOW HITPOINT WARNING * * *
The yellow draconian monk tail-slaps you!
* * * LOW HITPOINT WARNING * * *
The red draconian hits you from afar with a +1 halberd of venom!!!
You die...

*,,,,,,,******,,,*,,,,,**
,,,,,,,,,,..:##...).....**
,,,,,,,,,,,.............,**
************............,,**
**...........,,,**
############*#..........,,,,**
............##.dd...d.^.,,,,,**
...............qqd..#,,,,,*,,,**
.[............od@d§.#*,,,***,,,**
......######..ooq†...#*,,,***,,,*
#..[..# ##....°......#*,,,***,,,
#....#####.............#*,,,***,,
........................,,,,,***,
........................,,,,,,***
...####........##.......,,,,,,,**
...# #.....#..##*.......,,,,,,,**
...#*#....##..# *,...,,,,,,,,,,**


You could see a yellow draconian monk (mesmerising, berserk, poisoned), a yellow
draconian, 2 draconians, 2 draconians, a white draconian (berserk), a purple
draconian shifter, a yellow draconian scorcher (fleeing, catching breath), the
friendly Hilgar the orc warlord (strong, poisoned), the friendly Orkrul the orc
warlord (strong, poisoned) and the friendly Orkwin the orc warlord (strong).

Vanquished Creatures
  the Royal Jelly (Slime:5)
  An orb of fire (Zot:1)
  A juggernaut (Depths:4)
  the Lernaean hydra (Swamp:4)
  3 caustic shrikes
  3 golden dragons
  A curse toe (Zot:3)
  A golden dragon (shapeshifter) (Depths:3)
  A profane servitor (Abyss:3)
  2 electric golems (Zot:1)
  A bone dragon (Abyss:3)
  6 liches
  2 titans
  The ghost of Rickety the Luminary of Lethal Lore, an adept GnCj of Vehumet (Elf:2)
  5 tentacled monstrosities
  5 acid blobs
  2 deep elf master archers (Elf:3)
  3 tentacled starspawn (Abyss:3)
  5 tengu reavers
  4 sphinxes
  8 storm dragons
  5 shadow dragons
  Donald (Swamp:3)
  2 azure jellies
  2 draconian monks (Zot:1)
  3 rockslimes
  2 fenstrider witches
  2 nagarajas (Snake:4)
  6 draconian knights
  A daeva (Abyss:2)
  13 frost giants
  7 iron dragons
  11 fire giants
  5 vault wardens
  An orc warlord (Vaults:1)
  3 draconian scorchers (Zot:1)
  4 ghost moths
  6 deep elf sorcerers (Elf:3)
  Louise (Swamp:2)
  5 deep elf elementalists
  An imperial myrmidon (Desolation)
  5 draconian shifters
  An angel (Abyss:3)
  2 balrugs
  7 quicksilver oozes
  5 ironbound preservers
  2 draconian stormcallers
  3 draconian annihilators
  6 very ugly things
  A reaper (Abyss:2)
  22 stone giants
  6 spriggan defenders
  6 green draconians
  An entropy weaver (Vaults:2)
  5 vampire knights
  5 dire elephants
  A deep elf demonologist (Elf:3)
  9 black draconians
  6 deep elf annihilators
  A halazid warlock (Desolation)
  4 red draconians
  8 white draconians
  4 purple draconians
  4 bunyips
  7 spark wasps
  9 ettins
  Snorg (Orc:1)
  3 crystal guardians
  4 deep elf death magi
  5 eleionomae
  7 ragged hierophants (Desolation)
  An ironbound thunderhulk (Vaults:1)
  9 ice dragons
  14 great orbs of eyes
  8 naga warriors
  2 deep elf high priests (Elf:3)
  2 yaktaur captains
  4 vault guards
  12 fire dragons
  5 servants of whispers (Desolation)
  5 rakshasas
  3 ogre magi
  7 peacekeepers (Desolation)
  A hell beast (Depths:1)
  10 hydras
  5 centaur warriors
  4 salamander tyrants
  A ghost crab (Swamp:2)
  A catoblepas (Lair:6)
  7 spriggan air magi
  A boulder beetle (D:15)
  2 anacondas
  7 two-headed ogres
  2 alligators
  2 vampire magi
  6 ironbound frosthearts
  A merfolk avatar (Lair:6)
  7 deep troll shamans
  10 deep troll earth magi
  21 dancing weapons
  3 death yaks (Lair:5)
  5 tengu warriors
  4 naga sharpshooters (Snake:4)
  5 ironbound beastmasters
  5 thrashing horrors
  9 deep elf knights
  7 spriggan berserkers
  3 shock serpents
  Sonja (Lair:2)
  A soul eater (Depths:1)
  5 iron trolls
  4 wretched stars
  3 salamander mystics
  A hell knight (Depths:5)
  A sixfirhy (Abyss:2)
  A goliath frog (Swamp:1)
  2 spatial maelstroms (Abyss:2)
  12 deep trolls
  7 swamp dragons
  4 flayed ghosts
  13 deep elf archers
  3 glowing orange brains
  7 large abominations
  3 naga ritualists
  4 lindwurms
  Pikel (D:7)
  8 bog bodies
  12 wizards
  A phantasmal warrior (Depths:2)
  8 ironbound convokers
  4 orc knights (Vaults:1)
  7 necromancers
  4 harpies
  19 deep elf pyromancers
  16 deep elf zephyrmancers
  2 will-o-the-wisps (Swamp:3)
  A mana viper (shapeshifter) (Depths:3)
  3 mana vipers
  A shining eye (Slime:4)
  7 cyclopes
  29 ugly things
  A manticore (Lair:6)
  A worldbinder (Abyss:3)
  A shadow dragon skeleton (Abyss:3)
  3 salamanders
  17 moths of wrath
  A salamander (shapeshifter) (Abyss:3)
  2 sphinx skeletons (Vaults:2)
  10 guardian serpents
  Joseph (D:7)
  A gargoyle (D:12)
  2 orange demons (Abyss:2)
  5 naga magi
  A water nymph (shapeshifter) (Depths:1)
  22 black mambas
  11 vault sentinels
  20 elephants
  3 eyes of devastation
  An unseen horror (Abyss:3)
  5 cane toads
  3 rime drakes
  3 kobold demonologists (D:9)
  5 yaktaurs
  A komodo dragon (shapeshifter) (Depths:5)
  5 starcursed masses (Abyss:3)
  5 komodo dragons
  A demonic crawler (Abyss:2)
  4 tengu conjurers
  An efreet (Abyss:2)
  2 red devils (Abyss:3)
  A polar bear (Lair:6)
  2 ancient zymes (Abyss:3)
  A queen bee (Lair:3)
  7 trolls
  A troll (shapeshifter) (Vaults:2)
  6 tyrant leeches
  13 hornets
  58 saltlings (Desolation)
  A raiju (Abyss:2)
  A tengu simulacrum (Vaults:2)
  36 slime creatures
  14 blink frogs
  3 dream sheep (Lair:5)
  A flying skull (Abyss:2)
  A shadow (D:11)
  A centaur simulacrum (D:11)
  13 spriggans
  4 water elementals
  36 yaks
  An ettin skeleton (Vaults:2)
  4 wraiths
  A basilisk (D:15)
  6 fire bats
  A ynoxinul (Abyss:2)
  6 fire elementals
  7 humans (D:14)
  2 golden eyes (Abyss:2)
  Grum (D:10)
  4 steam dragons
  2 chaos spawn (Abyss:3)
  3 neqoxecs
  A warg (Orc:1)
  Menkaure (D:6)
  10 vampire mosquitoes
  21 nagas
  2 spatial vortices (Abyss:2)
  2 hell hounds (D:14)
  16 swamp worms
  2 acid dragons (D:9)
  2 floating eyes (Depths:5)
  4 water moccasins
  7 orc warriors
  A black bear (Lair:2)
  A hornet zombie (D:8)
  3 sky beasts (D:8)
  6 swamp drakes (Swamp:4)
  An ice beast (D:6)
  2 necrophages (D:7)
  18 wolves
  9 ogres
  13 centaurs
  A phantom (D:6)
  2 kobold brigands
  8 bullfrogs
  A wyvern zombie (D:8)
  A scorpion (D:4)
  3 earth elementals
  A water moccasin skeleton (D:6)
  A water moccasin zombie (D:5)
  6 small abominations
  24 killer bees
  5 wights (D:9)
  8 electric eels
  7 howler monkeys
  A lava snake (Lair:2)
  5 centaur zombies
  2 bullfrog zombies
  4 hounds
  4 orc priests
  2 quasits
  3 iron imps
  6 iguanas
  12 orc wizards
  A killer bee zombie (D:7)
  A hound zombie (D:5)
  A hound skeleton (D:4)
  A howler monkey zombie (D:9)
  8 gnolls
  7 adders
  2 river rats (Sewer)
  A shadow imp (D:8)
  2 white imps
  2 ufetubi
  An adder zombie (D:4)
  4 worms
  2 dart slugs
  27 orcs
  9 ball pythons
  4 bats
  3 bat zombies (D:7)
  8 endoplasms
  8 giant cockroaches
  8 goblins
  3 hobgoblins
  7 jackals
  3 quokkas
  3 frilled lizards
  20 kobolds
  8 rats
  A rat zombie (D:7)
  A bush (Lair:4)
  A lurking horror (Abyss:3)
  5 pillars of salt (Elf:2)
  A starspawn tentacle (Abyss:3)
1442 creatures vanquished.

Vanquished Creatures (collateral kills)
  Mara (Depths:3)
  An orb of fire (Zot:1)
  3 caustic shrikes
  A curse toe (Zot:3)
  3 golden dragons
  Nikola (Swamp:1)
  2 bone dragons
  8 tentacled monstrosities
  An electric golem (Zot:3)
  Jorgrun (Snake:1)
  2 deep elf blademasters (Elf:3)
  3 quicksilver dragons
  Frances (Snake:2)
  4 sphinxes
  6 acid blobs
  5 death cobs
  A tengu reaver (Depths:5)
  A thorn hunter (Swamp:4)
  5 shadow dragons
  5 storm dragons
  5 draconian monks
  3 nagarajas
  3 azure jellies
  2 rockslimes (Slime:5)
  2 vault wardens (Vaults:2)
  A fenstrider witch (Swamp:3)
  3 draconian scorchers
  6 fire giants
  A draconian knight (Zot:1)
  3 deep elf sorcerers
  8 frost giants
  A balrug (Depths:1)
  2 orc warlords
  2 ghost moths
  A draconian stormcaller (Zot:1)
  A war gargoyle (Depths:3)
  3 draconian annihilators
  A deep elf elementalist (Elf:3)
  A draconian shifter (Zot:1)
  2 spriggan defenders
  3 ironbound preservers (Vaults:1)
  A quicksilver ooze (shapeshifter) (Depths:3)
  5 very ugly things
  5 quicksilver oozes
  A reaper (Depths:2)
  6 stone giants
  5 deep elf demonologists
  5 green draconians
  A vampire knight (Depths:5)
  9 black draconians
  2 spark wasps
  An entropy weaver (shapeshifter) (Depths:3)
  5 deep elf annihilators
  4 dire elephants
  4 purple draconians
  3 red draconians (Zot:1)
  8 white draconians
  Azrael (D:14)
  9 yellow draconians
  3 deep elf death magi
  5 ragged hierophants (Desolation)
  A crystal guardian (Desolation)
  4 ettins
  An eleionoma (Swamp:3)
  3 jiangshi (Depths:1)
  A yaktaur captain (Vaults:2)
  A rakshasa (Depths:1)
  3 fire dragons
  Josephine (D:14)
  A vault guard (D:14)
  4 salamander tyrants
  9 naga warriors
  9 great orbs of eyes
  2 ice dragons
  4 peacekeepers (Desolation)
  A servant of whispers (Desolation)
  2 ghost crabs
  14 hydras
  6 boulder beetles
  2 juggernaut simulacra (Depths:3)
  2 centaur warriors
  An ironbound frostheart (Vaults:2)
  A deep troll shaman (Depths:4)
  6 anacondas
  A satyr (Abyss:3)
  A vampire mage (Depths:4)
  4 tengu warriors
  5 two-headed ogres
  A thrashing horror (Abyss:3)
  2 alligators
  7 naga sharpshooters
  16 dancing weapons
  2 deep troll earth magi (Depths:3)
  A death yak (Lair:5)
  2 ironbound beastmasters (Vaults:1)
  4 orc high priests
  2 spriggan berserkers (Depths:2)
  A hell knight (D:15)
  A shock serpent (Snake:4)
  3 deep elf knights
  6 spriggans
  An iron troll (Depths:1)
  3 goliath frogs
  4 salamander mystics
  11 deep trolls
  A deep troll (shapeshifter) (Depths:4)
  A death drake (Swamp:4)
  A flayed ghost (Depths:4)
  A sea snake (Lair:6)
  7 deep elf archers
  A glowing orange brain (Depths:2)
  A naga ritualist (Snake:4)
  4 phantasmal warriors
  3 ironbound convokers
  2 bog bodies (Swamp:4)
  2 swamp dragons
  11 deep elf zephyrmancers
  2 lindwurms
  2 wizards
  3 orc knights
  A necromancer (D:14)
  A harpy (Vaults:1)
  8 salamanders
  9 deep elf pyromancers
  4 shining eyes
  A worldbinder (Abyss:3)
  An iron dragon skeleton (Abyss:2)
  5 mana vipers
  6 orc sorcerers
  A moth of wrath (shapeshifter) (Depths:3)
  A cyclops (D:12)
  16 ugly things
  3 manticores
  11 elephants
  13 moths of wrath
  3 vault sentinels
  3 naga magi
  9 guardian serpents
  2 torpor snails (Lair:6)
  An eye of devastation (Slime:5)
  11 black mambas
  A stone giant skeleton (Vaults:2)
  4 cane toads
  Maggie (Lair:2)
  A storm dragon simulacrum (Abyss:2)
  2 rime drakes
  A gargoyle (D:11)
  2 komodo dragons
  An ancient zyme (Abyss:3)
  2 yaktaurs (Vaults:2)
  A demonic crawler (Abyss:2)
  2 tengu conjurers
  2 jumping spiders (Lair:2)
  4 tyrant leeches
  3 trolls
  4 polar bears
  8 hornets
  A wind drake (Lair:6)
  24 saltlings (Desolation)
  A snapping turtle (Lair:6)
  33 slime creatures
  A dream sheep (Lair:5)
  A raiju (Swamp:1)
  17 blink frogs
  An ettin skeleton (Vaults:2)
  2 redbacks (Lair:2)
  11 humans (D:14)
  A wraith (D:14)
  A ynoxinul (Abyss:2)
  A small abomination (Abyss:2)
  A wyvern (Lair:3)
  18 yaks
  A fire bat (Abyss:3)
  2 fire elementals
  4 golden eyes
  4 basilisks
  A chaos spawn (Abyss:2)
  A vampire mosquito (D:14)
  A steam dragon (Lair:6)
  4 swamp worms
  2 spatial vortices (Abyss:2)
  19 nagas
  5 water moccasins
  A floating eye (shapeshifter) (Depths:3)
  A swamp drake (D:10)
  10 orc warriors (Orc:2)
  An ice beast (Abyss:2)
  5 ogres
  5 centaurs
  24 wolves
  5 bullfrogs
  2 earth elementals
  7 killer bees (Lair:3)
  An electric eel (D:12)
  2 lava snakes (Lair:2)
  9 orc priests
  12 orc wizards
  20 orcs
  13 bushes (Lair:4)
  A lurking horror (Abyss:2)
  A pillar of salt (Elf:2)
  A starspawn tentacle (Abyss:3)
819 creatures vanquished.

Vanquished Creatures (others)
  Urug (Depths:4)
  2 orc warlords (Snake:4)
  A storm dragon (shapeshifter) (Depths:3)
  A fire giant (Depths:4)
  A purple draconian (Zot:1)
  A spark wasp (Depths:1)
  A ghost crab (Swamp:1)
  Nergalle (twice) (Snake:4 Depths:2)
  A vampire mage (Depths:1)
  2 orc high priests
  3 orc sorcerers (Lair:6)
  6 orc knights
  A deep elf zephyrmancer (Elf:1)
  A deep elf pyromancer (Elf:1)
  A moth of wrath (Zot:4)
  A vault sentinel (Vaults:2)
  A bloated husk (Swamp:2)
  18 orc warriors
  4 golden eyes (Abyss:2)
  A swamp worm (Swamp:1)
  A kobold brigand (D:9)
  16 orc priests
  12 orc wizards
  A white imp (D:8)
  An ufetubus (D:5)
  43 orcs
  2 bushes
  17 foxfires (Swamp:3)
  103 fungi
  5 pillars of salt (Elf:2)
  131 plants
  6 starspawn tentacles (Abyss:3)
  8 withered plants
396 creatures vanquished.

Grand Total: 2657 creatures vanquished

Notes
Turn   | Place    | Note
-------+----------+-------------------------------------------
     0 | D:1      | safid the Hill Orc Fighter began the quest for the Orb.
     0 | D:1      | Reached XP level 1. HP: 19/19 MP: 1/1
     0 | D:1      | Noticed an iron dragon
     0 | D:1      | Noticed a shadow dragon
     1 | D:1      | Noticed an iron dragon
     2 | D:1      | Noticed an orb of fire
     4 | D:1      | Noticed an ice dragon
     4 | D:1      | Noticed an orb of fire
     6 | D:1      | Noticed a shadow dragon
     7 | D:1      | Noticed a large abomination
     9 | D:1      | Noticed an orb of fire
    11 | D:1      | Noticed a black draconian
    13 | D:1      | Noticed a tentacled monstrosity
    13 | D:1      | Noticed a large abomination
    15 | D:1      | Noticed an ice dragon
    15 | D:1      | Noticed an orb of fire
    17 | D:1      | Noticed an ice dragon
    17 | D:1      | Noticed a tentacled monstrosity
    19 | D:1      | Noticed a shadow dragon
    19 | D:1      | Noticed a tentacled monstrosity
    21 | D:1      | Noticed a tentacled monstrosity
   136 | D:1      | Found a faded altar of an unknown god.
   214 | D:1      | Reached XP level 2. HP: 24/27 MP: 2/2
   330 | D:1      | Reached XP level 3. HP: 9/33 MP: 3/3
  1367 | D:2      | Reached XP level 4. HP: 40/40 MP: 4/4
  1895 | D:2      | Found Gyruwaurr's Jewellery Shoppe.
  2558 | D:3      | Reached XP level 5. HP: 33/47 MP: 5/5
  2719 | D:3      | You fall into a shaft and drop 2 floors!
  2719 | D:5      | Entered Level 5 of the Dungeon
  2719 | D:5      | Found a shadowy altar of Dithmenos.
  2719 | D:5      | Found an opulent altar of Gozag.
  2744 | D:5      | Found Taylaq's Book Shop.
  3493 | D:3      | Reached XP level 6. HP: 48/55 MP: 6/6
  3551 | D:3      | Reached skill level 5 in Fighting
  4042 | D:4      | Found a staircase to the Ecumenical Temple.
  4065 | Temple   | Entered the Ecumenical Temple
  4258 | D:4      | Reached skill level 5 in Axes
  4259 | D:4      | Found a transporter.
  4264 | D:4      | Noticed an ice beast
  4264 | D:4      | Noticed an ice beast
  4264 | D:4      | Noticed an ice beast
  4443 | D:4      | Found a transporter.
  4703 | D:4      | Reached skill level 5 in Armour
  4703 | D:4      | Reached skill level 5 in Shields
  4895 | D:5      | Reached XP level 7. HP: 61/61 MP: 7/7
  5258 | D:5      | Became a worshipper of Beogh the Brigand
  6015 | D:6      | Found a runed translucent gate.
  6015 | D:6      | Found a runed translucent gate.
  6015 | D:6      | Found a runed translucent gate.
  6016 | D:6      | Noticed IBeShadow's ghost (novice DrFE)
  6017 | D:6      | Noticed jimbles's ghost (weakling SpDe)
  6052 | D:6      | Noticed a fire elemental
  6054 | D:6      | Found a stormy altar of Qazlal.
  6055 | D:6      | Noticed an air elemental
  6055 | D:6      | Noticed a water elemental
  6062 | D:6      | Reached XP level 8. HP: 56/71 MP: 8/8
  6358 | D:6      | Found a glowing drain.
  6384 | Sewer    | Entered a sewer
  6500 | Sewer    | Reached * piety under Beogh
  6528 | Sewer    | Found a white marble altar of Elyvilon.
  6633 | D:6      | Noticed Menkaure
  6640 | D:6      | Killed Menkaure
  6889 | D:6      | Found a glowing golden altar of the Shining One.
  7333 | D:6      | Identified a scroll of acquirement
  7345 | D:6      | Acquired a +2 broad axe of freezing
  7510 | D:7      | Identified the +2 scale mail of the Game of Life {rC+
                  | Str+3}
  7523 | D:7      | Acquired the amulet "Gall" {Reflect rC+ SH+5}
  7558 | D:7      | Noticed Joseph
  7569 | D:7      | Killed Joseph
  7570 | D:7      | Reached XP level 9. HP: 65/81 MP: 9/9
  7829 | D:7      | Found an ancient bone altar of Kikubaaqudgha.
  7865 | D:7      | Noticed Pikel
  7892 | D:7      | Killed Pikel
  8274 | D:7      | Found a shimmering blue altar of Sif Muna.
  8345 | D:8      | Reached skill level 10 in Axes
  8347 | D:8      | Reached XP level 10. HP: 73/92 MP: 10/10
  8349 | D:8      | Reached skill level 10 in Fighting
  8803 | D:8      | Noticed an ice statue
  9010 | D:8      | Noticed a cyclops
  9019 | D:8      | Killed a cyclops
  9057 | D:8      | Reached ** piety under Beogh
  9419 | D:9      | Noticed a kobold demonologist
  9423 | D:9      | Noticed a kobold demonologist
  9428 | D:9      | Noticed a sun demon
  9429 | D:9      | Killed a kobold demonologist
  9429 | D:9      | Noticed a soul eater
  9430 | D:9      | Reached skill level 10 in Shields
  9430 | D:9      | Noticed a kobold demonologist
  9435 | D:9      | Killed a kobold demonologist
  9444 | D:9      | Killed a kobold demonologist
  9491 | D:9      | Reached XP level 11. HP: 89/102 MP: 11/11
  9906 | D:9      | Reached *** piety under Beogh
 10630 | D:10     | Entered Level 10 of the Dungeon
 10704 | D:10     | Found a staircase to the Lair.
 10712 | D:10     | Noticed a centaur warrior
 11136 | D:10     | Killed a centaur warrior
 11389 | D:10     | Noticed a brown ugly thing
 11395 | D:10     | Killed a brown ugly thing
 11563 | D:10     | Noticed an orange crystal statue
 11807 | D:10     | Noticed Grum
 11816 | D:10     | Killed Grum
 11888 | D:10     | Found a staircase to the Orcish Mines.
 12281 | Orc:1    | Entered Level 1 of the Orcish Mines
 12281 | Orc:1    | Noticed Snorg
 12300 | Orc:1    | Killed Snorg
 12463 | Orc:1    | Reached **** piety under Beogh
 12680 | Orc:1    | Gained Bogrim as an ally
 12685 | Orc:1    | Noticed a deep troll
 12686 | Orc:1    | Noticed a deep troll
 12686 | Orc:1    | Noticed an orc sorcerer
 12687 | Orc:1    | Your ally Bogrim died
 12688 | Orc:1    | Noticed an orc sorcerer
 12695 | Orc:1    | Killed a deep troll
 12703 | Orc:1    | Killed an orc sorcerer
 12704 | Orc:1    | Killed a deep troll
 12705 | Orc:1    | Reached XP level 12. HP: 37/113 MP: 12/12
 13047 | Orc:1    | Found Irovus's Antique Armour Shop.
 13266 | Orc:2    | Entered Level 2 of the Orcish Mines
 13284 | Orc:2    | Gained Grimold as an ally
 13300 | Orc:2    | Noticed an ogre mage
 13304 | Orc:2    | Killed an ogre mage
 13770 | Orc:2    | Found a staircase to the Elven Halls.
 13780 | Orc:2    | Noticed an orc high priest
 13784 | Orc:2    | Paralysed by an orc sorcerer for 5 turns
 13790 | Orc:2    | Noticed an orc high priest
 13790 | Orc:2    | Noticed an orc high priest
 13793 | Orc:2    | Noticed an orc warlord
 13794 | Orc:2    | Killed an orc high priest
 13795 | Orc:2    | Noticed a sun demon
 13797 | Orc:2    | Noticed an orc high priest
 13797 | Orc:2    | Killed an orc high priest
 13804 | Orc:2    | Noticed an orc high priest
 13810 | Orc:2    | Killed an orc warlord
 13812 | Orc:2    | Reached ***** piety under Beogh
 13817 | Orc:2    | Killed an orc high priest
 14550 | Orc:2    | Found Muxinky's Antique Armour Shoppe.
 14551 | Orc:2    | Found Zerchusey's Antique Weapon Shoppe.
 14553 | Orc:2    | Found Viemijoc's General Store.
 14553 | Orc:2    | Found Senk's Jewellery Emporium.
 14586 | Orc:2    | Bought the ring of Joy {Will+ EV+4 Str+2 Int-5 SInv} for
                  | 511 gold pieces
 14849 | Lair:1   | Entered Level 1 of the Lair of Beasts
 15042 | Lair:1   | Acquired a +2 crystal plate armour
 15094 | Lair:1   | You fall into a shaft and drop 1 floor!
 15154 | Lair:2   | Noticed a six-headed hydra
 15160 | Lair:2   | Killed a nine-headed hydra
 15266 | Lair:2   | Noticed Sonja
 15272 | Lair:2   | Killed Sonja
 15273 | Lair:2   | Reached skill level 15 in Axes
 15374 | Lair:1   | Noticed an eight-headed hydra
 15381 | Lair:1   | Killed a 12-headed hydra
 15550 | Lair:1   | Reached XP level 13. HP: 118/124 MP: 13/13
 16016 | Lair:2   | Noticed Maggie
 16022 | Lair:2   | Killed Maggie
 16201 | Lair:2   | Noticed Urug
 16291 | Lair:2   | Found a runed translucent door.
 16663 | Lair:2   | Found a runed translucent gate.
 16663 | Lair:2   | Found a runed translucent gate.
 16663 | Lair:2   | Found a runed translucent gate.
 16663 | Lair:2   | Found a runed translucent gate.
 16663 | Lair:2   | Found a runed translucent gate.
 16663 | Lair:2   | Found a runed translucent gate.
 16692 | Lair:2   | Identified the ring of Ru's Whim {rF+ rN+ Will- Dex+2}
 17396 | Lair:3   | Found a staircase to the Swamp.
 17680 | Lair:4   | Reached skill level 15 in Fighting
 17895 | Lair:4   | Your ally Grimold died
 18010 | Lair:4   | Gained Urtork as an ally
 18156 | Lair:4   | Found a staircase to the Snake Pit.
 18202 | Lair:4   | Identified the +1 ring mail "Ucothon" {Slay+2}
 18570 | Lair:4   | Reached XP level 14. HP: 135/135 MP: 14/14
 19068 | Lair:5   | Reached ****** piety under Beogh
 19879 | Lair:6   | Entered Level 6 of the Lair of Beasts
 20073 | Lair:6   | Identified the amulet of Medahun {rF++ Will+ Regen+}
 20241 | Lair:6   | Found a viscous altar of Jiyva.
 20241 | Lair:6   | Found a staircase to the Slime Pits.
 20327 | Lair:6   | Identified the +6 trident of Gesheqog {speed, rElec rF+
                  | Will+ Dex+4}
 20351 | Lair:6   | Reached skill level 15 in Shields
 20375 | Lair:6   | Identified the ring of the Sun {Str+2 Dex+6}
 20406 | Lair:6   | Gained Brunolf as an ally
 20416 | Lair:6   | Gained Gorm as an ally
 20436 | Lair:6   | Your ally Urtork died
 20441 | Lair:6   | Gained Bogbarth as an ally
 20790 | Lair:6   | Reached skill level 10 in Armour
 21406 | D:11     | Reached XP level 15. HP: 145/145 MP: 15/15
 21418 | D:11     | Reached skill level 1 in Invocations
 21423 | D:11     | Reached skill level 2 in Invocations
 21462 | D:11     | Reached skill level 3 in Invocations
 21610 | D:11     | Found Gemp's Distillery.
 21618 | D:11     | Bought a potion of haste for 130 gold pieces
 21618 | D:11     | Bought a potion of might for 52 gold pieces
 21618 | D:11     | Bought a potion of might for 52 gold pieces
 21618 | D:11     | Bought 2 potions of curing for 78 gold pieces
 21618 | D:11     | Bought a potion of heal wounds for 65 gold pieces
 21925 | D:11     | Found a portal to a secret trove of treasure.
 22243 | D:12     | Reached skill level 4 in Invocations
 22378 | D:12     | Reached skill level 5 in Invocations
 22737 | D:12     | Reached skill level 6 in Invocations
 22840 | D:12     | Noticed Nergalle
 22960 | Orc:2    | Bought twisted acid dragon scales for 945 gold pieces
 22960 | Orc:2    | Identified the +5 acid dragon scales of the Echidna {*Slow
                  | rC+ rCorr Int+10 SInv} (You bought it in a shop on level 2
                  | of the Orcish Mines)
 23759 | D:13     | Found a radiant altar of Vehumet.
 23810 | D:13     | Reached skill level 7 in Invocations
 23815 | D:13     | Reached skill level 1 in Evocations
 24234 | D:14     | Identified the +3 hand axe of Accord {drain, Will+ Int+3}
 24249 | D:14     | Noticed Josephine
 24255 | D:14     | Reached skill level 1 in Dodging
 24257 | D:14     | Killed Josephine
 24374 | D:14     | Reached skill level 8 in Invocations
 24470 | D:14     | Noticed Azrael
 24482 | D:14     | Killed Azrael
 24644 | D:14     | Found a gate to the Vaults.
 24657 | D:14     | Reached skill level 9 in Invocations
 25015 | D:15     | Entered Level 15 of the Dungeon
 25037 | D:15     | Reached skill level 10 in Invocations
 25521 | Snake:1  | Entered Level 1 of the Snake Pit
 25715 | Snake:1  | Found Vaem's Assorted Antiques.
 25720 | Snake:1  | Found Keist's Armour Boutique.
 25901 | Snake:1  | Reached XP level 16. HP: 155/155 MP: 23/23
 25977 | Snake:1  | Noticed Jorgrun
 25985 | Snake:1  | Killed Jorgrun
 25986 | Snake:1  | Reached skill level 11 in Invocations
 26620 | Snake:2  | Reached skill level 5 in Evocations
 26631 | Snake:2  | Reached skill level 12 in Invocations
 26931 | Snake:2  | Noticed Frances
 26945 | Snake:2  | Killed Frances
 27066 | Snake:2  | Reached skill level 5 in Dodging
 27111 | Snake:2  | Noticed aster's ghost (adept HOFi)
 27112 | Snake:2  | Found a runed translucent door.
 27312 | Snake:3  | Reached skill level 13 in Invocations
 27353 | Snake:3  | Found Raulufo's Jewellery Shop.
 27484 | Snake:3  | Noticed a nagaraja
 27495 | Snake:3  | Killed a nagaraja
 27803 | Snake:3  | Gained Oruk as an ally
 27877 | Snake:3  | Reached skill level 14 in Invocations
 28118 | Snake:4  | Entered Level 4 of the Snake Pit
 28118 | Snake:4  | Noticed a nagaraja
 28124 | Snake:4  | Killed a nagaraja
 28124 | Snake:4  | Gained Ugrim as an ally
 28171 | Snake:4  | Reached skill level 15 in Invocations
 28458 | Snake:4  | Noticed a nagaraja
 28460 | Snake:4  | Noticed a nagaraja
 28460 | Snake:4  | Noticed a nagaraja
 28463 | Snake:4  | Killed a nagaraja
 28466 | Snake:4  | Killed a nagaraja
 28480 | Snake:4  | Your ally Oruk died
 28493 | Snake:4  | Killed a nagaraja
 28494 | Snake:4  | Reached skill level 16 in Invocations
 29011 | Snake:4  | Reached XP level 17. HP: 150/161 MP: 25/29
 29022 | Snake:4  | Your ally Bogbarth died
 29023 | Snake:4  | Your ally Gorm died
 29024 | Snake:4  | Your ally died
 29027 | Snake:4  | Your ally Brunolf died
 29245 | Snake:4  | Your ally Ugrim died
 29439 | Snake:4  | Got a serpentine rune of Zot
 29556 | Snake:4  | Reached skill level 17 in Invocations
 29711 | Snake:4  | Found an opulent altar of Gozag.
 31116 | Swamp:1  | Entered Level 1 of the Swamp
 31254 | Swamp:1  | Reached skill level 18 in Invocations
 31832 | Swamp:1  | Found a broken altar of Ashenzari.
 31834 | Swamp:1  | Noticed Nikola
 31849 | Swamp:1  | Killed Nikola
 31850 | Swamp:1  | Reached skill level 19 in Invocations
 32355 | Swamp:2  | Noticed a tentacled monstrosity
 32364 | Swamp:2  | Killed a tentacled monstrosity
 32495 | Swamp:2  | Paralysed by a fenstrider witch for 6 turns
 32785 | Swamp:2  | Noticed Louise
 32788 | Swamp:2  | Killed Louise
 33531 | Swamp:3  | Noticed Donald
 33540 | Swamp:3  | Killed Donald
 33541 | Swamp:3  | Reached skill level 20 in Invocations
 34139 | Swamp:3  | Identified the +3 halberd "Ygixetty" {antimagic, Will+
                  | Dex+2}
 34240 | Swamp:3  | Reached XP level 18. HP: 160/169 MP: 32/32
 34704 | Swamp:4  | Entered Level 4 of the Swamp
 34772 | Swamp:4  | Reached skill level 21 in Invocations
 35402 | Swamp:4  | Noticed the 27-headed Lernaean hydra
 35908 | Swamp:4  | Reached skill level 22 in Invocations
 36204 | Swamp:4  | Killed the 27-headed Lernaean hydra
 36410 | Swamp:4  | Got a decaying rune of Zot
 36546 | Swamp:4  | Identified the +12 chain mail of Rotation {rPois rC- rCorr
                  | Int+6}
 36898 | Vaults:1 | Entered Level 1 of the Vaults
 37627 | Vaults:1 | Paralysed by a sphinx for 2 turns
 37630 | Vaults:1 | Reached skill level 23 in Invocations
 38179 | Vaults:1 | Found Pusathe's Magic Scroll Boutique.
 38187 | Vaults:1 | Bought a scroll of summoning for 133 gold pieces
 38187 | Vaults:1 | Bought a scroll of magic mapping for 49 gold pieces
 38653 | Vaults:1 | Reached XP level 19. HP: 93/177 MP: 22/34
 39219 | Vaults:1 | Reached skill level 24 in Invocations
 39733 | Vaults:1 | Paralysed by a sphinx for 5 turns
 40638 | Vaults:2 | Found a gateway to a bazaar.
 40666 | Bazaar   | Entered a bazaar
 40685 | Bazaar   | Found Ikhaegyd's Jewellery Emporium.
 40715 | Bazaar   | Found Otitoeke's Assorted Antiques.
 40781 | Bazaar   | Found Valujog's Jewellery Emporium.
 40830 | Bazaar   | Found Weaselotef's Jewellery Emporium.
 41423 | Vaults:2 | Reached skill level 25 in Invocations
 42083 | Vaults:2 | Paralysed by a sphinx for 5 turns
 42331 | Vaults:2 | Reached skill level 26 in Invocations
 43233 | D:15     | Found a staircase to the Depths.
 43298 | D:15     | Reached XP level 20. HP: 184/184 MP: 37/37
 43951 | D:15     | Acquired 1032 gold pieces
 44561 | D:5      | Bought a manual of Dodging for 800 gold pieces
 45012 | Depths:1 | Entered Level 1 of the Depths
 45311 | Depths:1 | Found a one-way gate leading to the halls of Pandemonium.
 45368 | Depths:1 | Reached skill level 27 in Invocations
 45598 | Depths:1 | Found a hazy altar of Hepliaklqana.
 45624 | Depths:1 | Acquired 365 gold pieces
 45834 | Depths:1 | Found a gateway to Hell.
 47739 | Depths:2 | Reached XP level 21. HP: 165/195 MP: 31/38
 47763 | Depths:2 | Your ally died
 47920 | Depths:2 | Found Gitok's Pet Rocks.
 48141 | Depths:2 | Found a hide-covered altar of Uskayaw.
 48168 | Depths:2 | Noticed a golden dragon
 48183 | Depths:2 | Killed a golden dragon
 49601 | Depths:3 | Noticed Mara
 49614 | Depths:3 | Killed Mara
 49615 | Depths:3 | Reached skill level 10 in Dodging
 50259 | Depths:3 | Reached skill level 1 in Polearms
 50477 | Depths:3 | Reached XP level 22. HP: 151/206 MP: 31/39
 51157 | Depths:3 | Noticed a golden dragon
 51157 | Depths:3 | an iron dragon changed into a golden dragon
 51161 | Depths:3 | Killed a golden dragon
 51171 | Depths:3 | Reached skill level 5 in Polearms
 51383 | Depths:4 | Found a one-way gate to the infinite horrors of the Abyss.
 51447 | Depths:4 | Your ally died
 52088 | Depths:4 | Identified the +6 broad axe "Geesur" {flame, *Noise rElec
                  | Int+5}
 52282 | Depths:4 | Identified the +2 war axe of Light {freeze, Will++ Int+4
                  | Dex-2 SInv}
 52453 | Depths:4 | Noticed a golden dragon
 52496 | Depths:4 | Killed a golden dragon
 52635 | Depths:4 | Noticed a caustic shrike
 52697 | Depths:3 | Killed a caustic shrike
 53423 | Depths:4 | Identified the +0 cloak of Vusig {+Blink rC+ Str-4 Dex+2}
 53640 | Depths:4 | Reached skill level 10 in Polearms
 53880 | Depths:4 | Reached XP level 23. HP: 194/213 MP: 40/40
 54083 | Depths:4 | Found a glowing silver altar of Zin.
 54083 | Depths:4 | Found a bloodstained altar of Trog.
 54085 | Depths:4 | Found a shimmering blue altar of Sif Muna.
 54085 | Depths:4 | Found a shimmering altar of Xom.
 54099 | Depths:4 | Gained Garbold as an ally
 54114 | Depths:4 | Your ally Garbold died
 54261 | Depths:4 | Noticed a caustic shrike
 54289 | Depths:4 | Killed a caustic shrike
 54821 | Depths:4 | Noticed a golden dragon
 54825 | Depths:4 | Killed a golden dragon
 54825 | Depths:4 | Gained Orkrul as an ally
 55061 | Depths:4 | Got the Grimoire of Pantheism
 55181 | Depths:4 | Found a runed translucent door.
 55181 | Depths:4 | Noticed a caustic shrike
 55183 | Depths:4 | Found a runed translucent door.
 55183 | Depths:4 | Found a runed translucent door.
 55378 | Depths:4 | Noticed a caustic shrike
 55404 | Depths:4 | Killed a caustic shrike
 55745 | Depths:4 | Got Kofrued's Handbook of Ashen Bewitchment
 56127 | Depths:4 | Got the Catalogue of Dusty Cold
 56129 | Depths:4 | Noticed a golden dragon
 56146 | Depths:4 | Killed a golden dragon
 56782 | Depths:4 | Noticed a juggernaut
 56795 | Depths:4 | Killed a juggernaut
 56835 | Depths:4 | Identified the +0 barding of Fiuryh {rF+ rC++ Will- Dex+4}
 56835 | Depths:4 | Identified the +9 dagger "Glorpo" {drain, rPois Stlth+}
 56912 | Depths:5 | Entered Level 5 of the Depths
 56941 | Depths:5 | Noticed a caustic shrike
 56945 | Depths:5 | Noticed a caustic shrike
 56947 | Depths:5 | Noticed a caustic shrike
 56968 | Depths:5 | Killed a caustic shrike
 56985 | Depths:5 | Killed a caustic shrike
 56996 | Depths:5 | Killed a caustic shrike
 57329 | Depths:5 | Found a gateway to a ziggurat.
 57331 | Depths:5 | Paralysed by a floating eye for 3 turns
 57337 | Depths:5 | Paralysed by a floating eye for 3 turns
 57380 | Depths:5 | Paralysed by a floating eye for 3 turns
 58798 | Depths:5 | Found a gate to the Realm of Zot.
 59415 | Elf:1    | Entered Level 1 of the Elven Halls
 59415 | Elf:1    | Found Iludaem's Antique Weapon Emporium.
 59415 | Elf:1    | Found Holuibb's Antique Armour Emporium.
 59415 | Elf:1    | Found Viomuipi's Distillery.
 59445 | Elf:1    | Found Sunohoul's Book Shoppe.
 59464 | Elf:1    | Bought 2 potions of might for 144 gold pieces
 59464 | Elf:1    | Bought a potion of resistance for 180 gold pieces
 59464 | Elf:1    | Bought a potion of invisibility for 144 gold pieces
 59831 | Elf:1    | Reached XP level 24. HP: 216/217 MP: 40/40
 60099 | Elf:1    | Got the Reference Book on Arcane Weapons
 60141 | Elf:1    | Got the Guide on Floating Moulding
 60406 | Elf:1    | Identified the +3 buckler "Ittic" {Harm}
 60557 | Elf:1    | Found Vahan's Antique Weapon Boutique.
 60584 | Elf:1    | Bought the +14 obsidian axe {vorpal, Drain Fly SInv} for
                  | 2343 gold pieces
 60584 | Elf:1    | Found the +14 obsidian axe {vorpal, Drain Fly SInv}
 60761 | Elf:2    | Found a crumbling gateway.
 60806 | Desolati | Entered the Desolation of Salt
 61097 | Desolati | Identified the +2 robe of Integrity {Str+4}
 61276 | Desolati | Identified the ring "Hereo" {+Blink rElec rC+}
 61281 | Desolati | Identified the +0 chain mail "Ryxzeiji" {Int+5 SInv}
 61587 | Desolati | Reached skill level 10 in Evocations
 61637 | Desolati | Gained Hilgar as an ally
 61974 | Desolati | Found the +4 Cigotuvi's embrace {rMiasma Drain rN+}
 62102 | Desolati | Identified the amulet "Vufoff" {Acrobat *Slow Str+3 Dex+2
                  | SInv}
 62448 | Desolati | Identified the +1 robe of the Trees {Dex+6}
 62502 | Elf:2    | Found Pushidgh's Magic Scroll Emporium.
 62664 | Elf:2    | Identified the +3 leather armour of Moral Flaws {rPois MP+9
                  | Str+2}
 62811 | Elf:2    | Found a runed translucent gate.
 62811 | Elf:2    | Found a runed translucent gate.
 62811 | Elf:2    | Found a runed translucent gate.
 62846 | Elf:2    | Found a large runed translucent door.
 62847 | Elf:2    | Found a large runed translucent door.
 62850 | Elf:2    | Noticed Rickety's ghost (adept GnCj)
 63177 | Elf:2    | Killed Rickety's ghost
 63811 | Elf:3    | Entered Level 3 of the Elven Halls
 63999 | Elf:3    | Cast into level 3 of the Abyss (a deep elf sorcerer)
 64308 | Abyss:3  | Reached XP level 25. HP: 229/231 MP: 40/40
 64308 | Abyss:3  | Gained mutation: You tend to lose your temper in combat. [a
                  | neqoxec]
 64329 | Elf:3    | Escaped the Abyss
 65116 | Elf:3    | Cast into level 3 of the Abyss (a deep elf demonologist)
 65365 | Abyss:3  | Gained Gorg as an ally
 65365 | Abyss:3  | Gained Orkwin as an ally
 65432 | Elf:3    | Escaped the Abyss
 65521 | Elf:3    | Got the Tome of Unstable Companions
 65528 | Elf:3    | Identified the amulet "Oguo" {Acrobat -Tele rN+++ Int+8
                  | Stlth-}
 65531 | Elf:3    | Identified the +5 scale mail "Dink" {Str+4}
 65667 | Elf:1    | Bought a transparent halberd for 207 gold pieces
 65667 | Elf:1    | Identified the +3 halberd of Riom {vorpal, Drain rC+ rN+
                  | Int+3} (You bought it in a shop on level 1 of the Elven
                  | Halls)
 65748 | Elf:2    | Bought a scroll of acquirement for 936 gold pieces
 65748 | Elf:2    | Bought a scroll of enchant armour for 135 gold pieces
 65767 | Elf:2    | Acquired the +0 tower shield "Fycycvudu" {rPois Str+4
                  | Stlth+}
 66142 | Elf:3    | Cast into level 2 of the Abyss (a deep elf sorcerer)
 66232 | Abyss:2  | Found a corrupted altar of Lugonu.
 66415 | Abyss:2  | Gained Ognian as an ally
 66476 | Abyss:2  | Your ally Ognian died
 66485 | Abyss:2  | Gained mutation: You are clumsy. (Dex -2) [a neqoxec]
 66502 | Abyss:2  | Gained Boderik as an ally
 66584 | Abyss:2  | Gained mutation: You passively map a small area around you.
                  | [a neqoxec]
 66640 | Abyss:2  | Gained Warrok as an ally
 66692 | Abyss:2  | Found a corrupted altar of Lugonu.
 66726 | Abyss:2  | Found a corrupted altar of Lugonu.
 66737 | Abyss:2  | Found a corrupted altar of Lugonu.
 66795 | Abyss:2  | Identified the +0 tower shield "Loggu" {rElec rC+ Regen+
                  | Dex+4}
 66831 | Elf:3    | Escaped the Abyss
 66929 | Elf:3    | Identified the +1 shadow dragon scales of the Candlemaker
                  | {Int+4 Stlth++++}
 67052 | Elf:3    | Got the Catalogue of Sinister Secrets
 67590 | Slime:1  | Entered Level 1 of the Pits of Slime
 67641 | Slime:4  | Your ally Orkwin died
 68042 | Slime:4  | Gained mutation: Your magical capacity is low. (-10% MP) [a
                  | shining eye]
 68061 | Slime:5  | Entered Level 5 of the Pits of Slime
 68136 | Slime:5  | Noticed the Royal Jelly
 68153 | Slime:5  | Killed the Royal Jelly
 68599 | Slime:5  | Gained mutation: You are weak. (Str -2) [a shining eye]
 68601 | Slime:5  | Gained mutation: Your body sometimes deteriorates upon
                  | taking damage. [a shining eye]
 68603 | Slime:5  | Reached XP level 26. HP: 219/239 MP: 36/36
 68629 | Slime:5  | Found the +0 pair of fencer's gloves {Riposte Dex+3}
 68868 | Slime:5  | Got a slimy rune of Zot
 69414 | Zot:1    | Entered Level 1 of the Realm of Zot
 70674 | Zot:1    | Noticed an orb of fire
 70680 | Zot:1    | Killed an orb of fire
 71724 | Zot:1    | Noticed an orb of fire
 71726 | Zot:1    | Gained mutation: You sometimes lose the ability to read
                  | scrolls when taking damage. [an orb of fire]
 71729 | Zot:1    | Killed an orb of fire
 72015 | Vaults:1 | Bought a scroll of fear for 49 gold pieces
 72016 | Vaults:1 | Lost mutation: You tend to lose your temper in combat.
                  | [potion of mutation]
 72016 | Vaults:1 | Lost mutation: You are clumsy. (Dex -2) [potion of
                  | mutation]
 72016 | Vaults:1 | Lost mutation: Your body sometimes deteriorates upon taking
                  | damage. [potion of mutation]
 72016 | Vaults:1 | Gained mutation: Your mind is acute. (Int +2) [potion of
                  | mutation]
 72017 | Vaults:1 | Lost mutation: You sometimes lose the ability to read
                  | scrolls when taking damage. [potion of mutation]
 72017 | Vaults:1 | Lost mutation: Your magical capacity is low. (-10% MP)
                  | [potion of mutation]
 72017 | Vaults:1 | Gained mutation: Your spells are a little easier to cast,
                  | but a little less powerful. [potion of mutation]
 72017 | Vaults:1 | Gained mutation: Your system is resistant to poisons.
                  | (rPois) [potion of mutation]
 73471 | Zot:2    | Reached XP level 27. HP: 234/259 MP: 40/40
 75964 | Zot:4    | Mangled by a red draconian

Illustrated notes

Levels and vault maps discovered:
D:1:      shiori_arrival_whats_in_store_for_you, layout_rooms,
          dreamdust_ecumenical_altar_statues, chequers_mini_garden,
          amcnicky_mini_corridor_feature, minmay_close_crescents
D:2:      minmay_door_path, layout_basic, serial_shops, nicolae_shop_crystal
D:3:      layout_loops_ring
D:4:      gammafunk_cloud_chamber, layout_basic, temple_fountains
D:5:      layout_basic, grunt_temple_overflow_open, serial_shops, shop,
          kennysheep_generic_room_11
D:6:      layout_basic, kennysheep_mini, nicolae_qazlal_style_of_elements,
          gammafunk_ghost_cemetery, gup_sewer_entry_glass,
          nicolae_zen_rock_garden, uniq_menkaure
D:7:      layout_basic, mainiacjoe_overflow_alcove_1,
          lemuel_zombie_altar_kikubaaqudgha, minmay_manual_monstrance,
          uniq_joseph, uniq_pikel
D:8:      lemuel_ice_statue, layout_basic, hangedman_misty_isle
D:9:      layout_stronghold, serial_rivers, chequers_serial_rivers_micro_e,
          chequers_serial_rivers_small_b, chequers_serial_rivers_small_3,
          chequers_serial_rivers_room_a
D:10:     layout_roguey, erik_lair_island, erik_orc_1, minmay_statue_bubble,
          uniq_grum
D:11:     layout_gridville, serial_shops, shop, enter_trove_6,
          minmay_dual_archer_statues
D:12:     layout_irregular_city, chequers_big_river, uniq_nergalle
D:13:     layout_cave_pods, minmay_variable_closet, nicolae_vehumet_altar_sigil
D:14:     layout_irregular_city, grunt_vaults_entry_tiered,
          chequers_serial_rivers_micro_d, uniq_azrael, uniq_josephine
D:15:     hangedman_depths_entry_civil_slaughter, layout_loops_corners,
          moated_statue
Temple:   regret_index_temple_sphere_string
Lair:1:   layout_gridlike
Lair:2:   gammafunk_indiana_jones, layout_regular_city, uniq_maggie, uniq_sonja,
          uniq_urug
Lair:3:   layout_long_grid, swamp_mist_pool, special_room [special_room_bee]
Lair:4:   layout_cave_pods, minmay_snake_entry_guardpost_medium,
          minmay_hedge_maze, infiniplex_staircase_pool_2
Lair:5:   layout_regular_city, beast_lair_carwin_3, grunt_megastairs_3,
          lemuel_fruit_tree
Lair:6:   gammafunk_lair_ancient_temple, layout_hall_layers, slime_altar_1,
          grunt_forest_large_clearings
Swamp:1:  layout_falls_marsh, lemuel_altar_in_water, beargit_elvish_explorers,
          uniq_nikola
Swamp:2:  layout_falls_marsh, hangedman_swamp_ruin_wall, swamp_pool3,
          nicolae_swamp_round_clearing, uniq_louise
Swamp:3:  layout_falls_marsh, infiniplex_staircase_pool, uniq_donald
Swamp:4:  grunt_swamp_rune_castle, layout_basic_swamp
Snake:1:  layout_basic, minmay_shop_star, uniq_jorgrun
Snake:2:  layout_honeycomb, gammafunk_ghost_grave, nicolae_snake_lava_pool,
          uniq_frances
Snake:3:  layout_onion, serial_shops, shop
Snake:4:  snake_hunt, layout_onion_interference, basic_altar, st_stairs_9,
          drop_trap
Slime:1:  layout_caves
Slime:2:  layout_caves
Slime:3:  layout_caves
Slime:4:  layout_caves
Slime:5
Orc:1:    layout_caves, guppyfry_orc_lava_fort, uniq_snorg
Orc:2:    st_orc_congregation, layout_caves, mines4_lemuel
Elf:1:    layout_geoelf_grid, serial_shops, shop, minmay_elf_annihilation,
          minmay_shoptagon, grunt_megastairs_4
Elf:2:    nicolae_elf_blades_splatter_lattice [nicolae_blade_bullseye],
          layout_loops_cross, ebering_ghost_disaster_area,
          portal_desolation_entry_garden, serial_shops, shop
Elf:3:    minmay_elf_hall_spiked, layout_geoelf_grid
Vaults:1: nicolae_vaults_branching_niches, nicolae_vaults_diagonal_hallway_6,
          dpeg_vaults_monster_box, ontoclasm_vaults_ring_small,
          nicolae_vaults_network_quinsquares
          [nicolae_vaults_network_quincunx_subvault,
          nicolae_vaults_network_quincunx_subvault,
          nicolae_vaults_network_quincunx_subvault,
          nicolae_vaults_network_quincunx_subvault], v_rooms_2,
          vaults_mumra_hexcomb, nicolae_vaults_little_squares_2,
          ontoclasm_vaults_ring_square, v_misc_22, v_pattern_3,
          nicolae_vaults_ring_of_whatevers, layout_vaults_maze, serial_shops,
          nicolae_diamond_shop
Vaults:2: v_misc_12, nicolae_vaults_angled_halls, ontoclasm_vaults_ring_square,
          st_octagons_2, hangedman_vaults_stream, v_misc_1,
          grunt_vaults_hallway_short, ontoclasm_vaults_ring_square,
          grunt_vaults_trifunnel, nicolae_vaults_little_squares_4,
          ontoclasm_vaults_hangar, nicolae_vaults_diagonal_hallway_6, v_misc_31,
          layout_vaults_omnibox, serial_shops, bzr_entry_gold
Depths:1: nzn_winding_woodlands_stair_cross [nzn_winding_woodlands_5x15_zeroes,
          nzn_winding_woodlands_center_garden, nzn_winding_woodlands_5x15_cabin,
          nzn_winding_woodlands_5x5_checkerboard,
          nzn_winding_woodlands_5x5_default, nzn_winding_woodlands_5x15_default,
          nzn_winding_woodlands_center_pierced_h,
          nzn_winding_woodlands_5x15_crooked], layout_long_grid,
          chequers_serial_rivers_small_b, pan_entry, grunt_mini_vestibule,
          chequers_serial_rivers_small_a, nzn_hepliaklqana_mist_gate
Depths:2: minmay_ornate_pinched, layout_cave_shapes, nicolae_uskayaw_suspiria,
          pf_dread_powers_of_hell, guppyfry_shop_earth
Depths:3: hangedman_crystal_crosses_colossus [crystal_crosses_arms_four,
          crystal_crosses_arms_four, crystal_crosses_arms_two,
          crystal_crosses_arms_one], pan_entry, hell_entry, uniq_mara
Depths:4: minmay_the_grid_ultimate [minmay_the_grid_prize_diamond_cup,
          minmay_the_grid_prize_shrinking_boxes,
          minmay_the_grid_prize_four_corners_diamond_b,
          minmay_the_grid_prize_four_corners_diamond_a,
          minmay_the_grid_square_5x5_broken_cross,
          minmay_the_grid_square_5x5_dogpile, minmay_the_grid_square_5x5_two,
          minmay_the_grid_square_5x5_checkered_statues,
          minmay_the_grid_square_5x5_fat_x, minmay_the_grid_square_5x5_inner_v,
          minmay_the_grid_square_5x5_tri_point, minmay_the_grid_square_5x5_bite,
          minmay_the_grid_square_5x5_misaligned,
          minmay_the_grid_square_5x5_minivault,
          minmay_the_grid_square_5x5_inset, minmay_the_grid_square_5x5_tie,
          minmay_the_grid_square_5x5_eight_small,
          minmay_the_grid_square_5x5_tetrominoes,
          minmay_the_grid_square_5x5_intrusive_squares,
          minmay_the_grid_triangle_9x9_checkered,
          minmay_the_grid_triangle_9x9_empty,
          minmay_the_grid_triangle_9x9_longest,
          minmay_the_grid_triangle_9x9_warning,
          minmay_the_grid_triangle_9x9_thin_v,
          minmay_the_grid_triangle_9x9_alien,
          minmay_the_grid_triangle_9x9_sprig,
          minmay_the_grid_triangle_9x9_minimal,
          minmay_the_grid_triangle_9x9_semitri,
          minmay_the_grid_triangle_9x9_descending_squares,
          minmay_the_grid_triangle_9x9_dagger,
          minmay_the_grid_triangle_9x9_wacky_v,
          minmay_the_grid_triangle_9x9_windchime,
          minmay_the_grid_triangle_9x9_fully_insulated_deathbox,
          minmay_the_grid_triangle_9x9_skeleton,
          minmay_the_grid_triangle_9x9_cache, minmay_the_grid_square_5x5_spiral,
          minmay_the_grid_octo_teeth, minmay_the_grid_octo_checkerflower,
          minmay_the_grid_octo_odd_swirl, minmay_the_grid_octo_shrine,
          minmay_the_grid_octo_clover, minmay_the_grid_octo_tetromino_candy,
          minmay_the_grid_octo_thin_diamonds, minmay_the_grid_octo_77,
          minmay_the_grid_garden, minmay_the_grid_minigrid_small,
          minmay_the_grid_tiny_cups, minmay_the_grid_zigzag_pyramid],
          serial_shops, abyss_entry, hell_entry
Depths:5: grunt_zot_entry_hairpin, layout_cave_shapes, enter_ziggurat_c,
          hell_entry, hangedman_abyss_entry_splay
Zot:1:    kennysheep_spiral_hall, layout_cellular_growth, grunt_megastairs_5
Zot:2:    layout_basic
Zot:3:    kennysheep_six_static_rooms, layout_onion_interference
Zot:4:    layout_onion

Skill      XL: |  1  2  3  4  5  6  7  8  9 10 11 12 13 14 15 16 17 18 19 20 21 22 23 24 25 26 27 |
---------------+----------------------------------------------------------------------------------+-----
Axes           | 3 4 5 6 8 10 11 13 15 16 17 18 | 18.0
Fighting       | 4 5 6 8 9 11 12 14 15 16 17 18 19 20 23 25 | 25.1
Armour         | 4 5 6 7 10 11 12 14 | 14.0
Shields        | 4 5 7 8 10 11 13 14 15 16 18 19 22 25 | 25.0
Invocations    | 10 16 20 23 26 27 | 27.0
Evocations     | 4 5 8 10 | 10.0
Dodging        | 3 5 7 10 12 13 | 13.0
Polearms       | 2 10 | 10.2

Action                   |  1- 3 |  4- 6 |  7- 9 | 10-12 | 13-15 | 16-18 | 19-21 | 22-24 | 25-27 || total
-------------------------+-------+-------+-------+-------+-------+-------+-------+-------+-------++-------
Melee: War axe           |    87 |   227 |   140 |       |       |       |       |       |       ||   454
       Broad axe         |       |       |    72 |   365 |   673 |   941 |  1030 |   418 |   903 ||  4402
       Trident           |       |       |       |       |       |       |    49 |  1777 |       ||  1826
Throw: Dart              |       |       |     9 |       |       |     4 |     2 |     7 |       ||    22
Invok: Convert to Beogh  |       |       |     1 |       |       |       |       |       |       ||     1
       Recall Orcish Fol |       |       |       |     6 |    18 |    15 |     7 |     5 |    15 ||    66
       Smiting           |       |       |       |     1 |     2 |    36 |    21 |    30 |    12 ||   102
       Give Item to Name |       |       |       |       |     5 |       |       |     2 |     1 ||     8
       Resurrection      |       |       |       |       |       |     1 |       |       |     1 ||     2
 Abil: Evoke Blink       |       |       |       |       |       |       |       |       |     1 ||     1
Evoke: Phial of floods   |       |       |       |       |       |       |     1 |       |       ||     1
       Wand              |       |       |       |       |       |       |       |       |     1 ||     1
  Use: Potion            |       |     1 |     5 |     2 |       |     8 |    10 |     8 |    13 ||    47
       Scroll            |       |       |    14 |    10 |     7 |     7 |     7 |     7 |    10 ||    62
 Stab: Confused          |       |       |       |     1 |       |       |       |     3 |       ||     4
       Paralysed         |       |       |       |     5 |     2 |       |       |       |       ||     7
       Distracted        |       |       |       |     3 |     7 |    12 |    16 |    22 |    10 ||    70
       Petrified         |       |       |       |       |     1 |       |       |       |       ||     1
       Invisible         |       |       |       |       |       |       |     1 |       |       ||     1
Armor: Scale mail        |    35 |   122 |    75 |   129 |       |       |       |       |       ||   361
       Crystal plate arm |       |       |       |    17 |   287 |   378 |   440 |   454 |   124 ||  1700
       Chain mail        |       |       |       |       |       |       |       |       |   151 ||   151
Dodge: Dodged            |    33 |    91 |    61 |    73 |   157 |   224 |   251 |   333 |   165 ||  1388
Block: Kite shield       |    38 |   146 |   134 |   324 |   536 |   743 |   295 |       |       ||  2216
       Reflection        |       |       |     6 |    13 |    11 |    57 |     9 |    85 |    41 ||   222
       Tower shield      |       |       |       |       |       |       |   548 |  1670 |  1036 ||  3254
